 Dungeon Crawl Stone Soup version 0.20.0-15-g7f486f2 (webtiles) character file.

2791 Gargoyl the Chopper (level 9, -1/75 HPs)
             Began as a Purple Draconian Abyssal Knight on June 19, 2017.
             Was a Believer of Lugonu.
             Killed from afar by an electric eel (13 damage)
             ... with a bolt of electricity
             ... on level 7 of the Dungeon.
             The game lasted 00:16:22 (8688 turns).

Gargoyl the Chopper (DrAK)                          Turns: 8688, Time: 00:16:23

Health: -1/75      AC: 11    Str: 16    XL:     9   Next: 43%
Magic:  10/13      EV: 13    Int: 13    God:    Lugonu [**....]
Gold:   116        SH:  9    Dex: 12    Spells: 8/8 levels left

rFire    + . .     SeeInvis .   a - +3 hand axe
rCold    . . .     Gourm    .   m - +0 shield
rNeg     . . .     Faith    .   (armour unavailable)
rPois    .         Spirit   .   (helmet restricted)
rElec    .         Reflect  .   d - +0 cloak
rCorr    .         Harm     .   F - +0 pair of gloves
MR       +....                  f - +1 pair of boots
Stlth    +++.......             (no amulet)
Regen    0.3/turn               E - ring of protection from fire
MPRegen  0.2/turn               (no ring)

@: no status effects
A: breathe power, unfitting armour, cold-blooded, AC +7
a: Breathe Dispelling Energy, Depart the Abyss, Bend Space, Renounce Religion


You were on level 7 of the Dungeon.
You worshipped Lugonu.
Lugonu was pleased with you.
You were not hungry.

You visited 1 branch of the dungeon, and saw 7 of its levels.
You visited the Abyss 1 time.

You collected 266 gold pieces.
You spent 150 gold pieces at shops.

Inventory:

Hand Weapons
 a - a +3 hand axe (weapon)
Missiles
 e - 11 tomahawks (quivered)
Armour
 d - a +0 cloak (worn)
 f - a +1 pair of boots (worn)
 m - a +0 shield (worn)
 F - a +0 pair of gloves (worn)
Jewellery
 j - an uncursed ring of fire
 p - an uncursed amulet of guardian spirit {unknown}
 E - a ring of protection from fire (left hand)
Wands
 k - a wand of confusion (23/48)
 r - a wand of polymorph (3/24)
 u - a wand of paralysis (0/24)
 w - a wand of digging (11/24)
 D - a wand of iceblast (7/15)
Scrolls
 h - a scroll of remove curse
 x - a scroll of blinking
 y - a scroll of recharging
 C - a scroll of fear
 H - a scroll of fog
 J - 2 scrolls of identify
Potions
 c - a potion of curing
 i - a potion of ambrosia
 n - a potion of cancellation {unknown}
 o - a potion of heal wounds
 q - a potion of might
 t - 2 potions of brilliance {unknown}
 v - a potion of agility {unknown}
 z - a potion of flight {unknown}
 A - a potion of haste
 B - a potion of mutation {unknown}
Books
 s - a book of Minor Magic

   Spells                             Type                      Level
   a - Magic Dart                     Conjuration                  1
   b - Blink                          Translocation                2
   c - Call Imp                       Summoning                    2
   d - Slow                           Hexes                        2
   e - Conjure Flame                  Conjuration/Fire             3
   f - Mephitic Cloud                 Conjuration/Poison/Air       3
 G - a book of Cantrips

   Spells                             Type                      Level
   a - Confusing Touch                Hexes                        1
   b - Animate Skeleton               Necromancy                   1
   c - Summon Small Mammal            Summoning                    1
   d - Apportation                    Translocation                1
Comestibles
 b - 6 bread rations
 g - 3 royal jellies
 l - 4 fruits
 I - 2 meat rations
 K - 3 chunks of flesh


   Skills:
 + Level 5.8 Fighting
 + Level 6.5 Axes
 + Level 1.2 Throwing
 * Level 6.2 Dodging
 * Level 4.6 Stealth
 + Level 4.0 Shields
 * Level 5.6 Invocations


You had 8 spell levels left.
You didn't know any spells.

Dungeon Overview and Level Annotations

Branches:
Dungeon (7/15)             Temple (0/1) D:7

Altars:
Ashenzari
Uskayaw
Vehumet
Zin
The Shining One

Shops:
D:5 !   D:6 (


Innate Abilities, Weirdness & Mutations

You can breathe bolts of dispelling energy.
Your rich purple scales are hard. (AC +7)
You cannot fit into any form of body armour.
You are cold-blooded and may be slowed by cold attacks.


Message History

Evoking this partially-identified wand wasted a few charges.
Aiming: Paralyse (will waste charges)
Press: ? - help, Shift-Dir - straight line, f/p - electric eel
Aim: an electric eel (moderately wounded, chance to defeat MR: 54%) Nothing appears to happen.
Aiming: Iceblast (will waste charges)
Press: ? - help, Shift-Dir - straight line, f/p - electric eel
Aim: an electric eel (moderately wounded) That beam is likely to hit you.
Continue anyway?
The mass of ice explodes!
The iceblast engulfs the electric eel.
The electric eel is almost dead.
The iceblast engulfs you!
* * * LOW HITPOINT WARNING * * *
Evoking this partially-identified wand wasted a few charges.
Unknown command.
You barely miss the electric eel.
The electric eel is almost dead.
The electric eel shoots out a bolt of lightning at you!
The bolt of electricity hits you!
You die...

#...# #####...####......
##### ##.[...#####...
#...##..# ###. ##.#####.#
#### #..# ##.####≈≈≈
#########.#####.....#≈≈≈
..........##........#≈≈≈
###.####.#....########≈≈≈
........@...### #≈≈≈
≈≈≈≈≈.≈;≈≈.## #≈≈≈
≈≈≈≈≈.≈≈≈≈.# #≈≈≈
≈≈≈≈≈.≈≈≈≈.# #≈≈≈
≈≈≈≈≈.≈≈≈≈.# #≈≈≈
......≈≈≈≈.# #≈≈≈
≈≈≈≈........ #≈≈≈
≈≈≈≈.≈≈≈≈≈... ####
≈.≈≈≈≈≈.. #.


You could see an electric eel.

Vanquished Creatures
  The ghost of Gargoyl the Skirmisher, an amateur DrAK of Lugonu (D:4)
  Sigmund (D:5)
  The ghost of Xenophilius the Insei, an amateur OpTm (D:3)
  A phantom (D:5)
  An ice beast (D:5)
  Duvessa (D:7)
  2 ogres
  2 centaurs (D:5)
  A bullfrog (D:7)
  Dowan (D:7)
  3 killer bees (D:7)
  2 scorpions
  3 howler monkeys
  A crimson imp (D:7)
  A centaur zombie (D:7)
  A bullfrog zombie (D:7)
  2 orc priests (D:4)
  A bullfrog skeleton (D:4)
  7 orc wizards
  2 centaur skeletons
  3 iguanas
  Ijyb (D:3)
  4 worker ants
  2 hound zombies (D:5)
  2 hound skeletons
  Robin (D:2)
  4 gnolls (D:7)
  11 adders
  A shadow imp (D:7)
  An ooze (D:1)
  An adder zombie (D:7)
  A worm (D:2)
  A dart slug (D:1)
  7 leopard geckos
  25 orcs
  3 ball pythons
  5 bats
  5 giant cockroaches
  15 goblins
  13 hobgoblins
  3 jackals (D:5)
  4 quokkas
  A ball python skeleton (D:4)
  6 frilled lizards
  11 kobolds
  A rat (D:1)
  2 rat zombies (D:7)
169 creatures vanquished.

Vanquished Creatures (others)
  A hippogriff (D:7)
  A wyvern zombie (D:7)
  2 killer bees (D:7)
  An electric eel (D:7)
  An iguana (D:5)
6 creatures vanquished.

Grand Total: 175 creatures vanquished

Notes
Turn   | Place    | Note
-------+----------+-------------------------------------------
     0 | Abyss:1  | Gargoyl the Draconian Abyssal Knight began the quest for the Orb.
     0 | Abyss:1  | Reached XP level 1. HP: 19/19 MP: 2/2
    54 | Abyss:1  | Noticed a wretched star
    54 | D:1      | Escaped the Abyss
   142 | D:1      | Reached XP level 2. HP: 20/26 MP: 3/3
   390 | D:1      | Reached skill level 1 in Stealth
   698 | D:2      | Reached * piety under Lugonu
   737 | D:2      | Reached XP level 3. HP: 22/33 MP: 4/4
   856 | D:2      | Noticed Robin
   865 | D:2      | Killed Robin
  1217 | D:2      | Reached skill level 1 in Throwing
  1316 | D:2      | Reached XP level 4. HP: 39/40 MP: 5/5
  1425 | D:2      | Found a glowing silver altar of Zin.
  1938 | D:3      | Noticed Xenophilius's ghost (amateur OpTm)
  1962 | D:3      | Killed Xenophilius's ghost
  1962 | D:3      | Reached XP level 5. HP: 39/47 MP: 5/7
  1996 | D:3      | Found a hide-covered altar of Uskayaw.
  2112 | D:3      | Noticed Ijyb
  2143 | D:3      | Killed Ijyb
  2449 | D:3      | Reached XP level 6. HP: 53/53 MP: 8/8
  2464 | D:3      | Found a radiant altar of Vehumet.
  2464 | D:3      | Found a glowing golden altar of the Shining One.
  2469 | D:3      | Found a faded altar of an unknown god.
  2471 | D:3      | Found a faded altar of an unknown god.
  2473 | D:3      | Found a shattered altar of Ashenzari.
  2674 | D:3      | Reached ** piety under Lugonu
  2883 | D:4      | Noticed Gargoyl's ghost (amateur DrAK)
  3310 | D:4      | Reached skill level 1 in Shields
  3601 | D:5      | Entered Level 5 of the Dungeon
  3765 | D:5      | Your scales start taking on a rich purple colour.
  3765 | D:5      | Reached XP level 7. HP: 59/60 MP: 9/9
  4370 | D:4      | Killed Gargoyl's ghost
  4370 | D:4      | Reached skill level 5 in Fighting
  4370 | D:4      | Reached XP level 8. HP: 68/68 MP: 10/10
  4760 | D:5      | Found Rinnataq's Distillery.
  4771 | D:5      | Reached *** piety under Lugonu
  5007 | D:5      | Reached skill level 5 in Axes
  5260 | D:5      | Reached skill level 5 in Dodging
  5485 | D:5      | Noticed Sigmund
  5501 | D:5      | Killed Sigmund
  5540 | D:5      | Bought a potion of heal wounds for 50 gold pieces
  5540 | D:5      | Bought a potion of haste for 100 gold pieces
  6286 | D:6      | Found Xaingawain's Antique Weapon Boutique.
  6698 | D:7      | Noticed Duvessa
  6710 | D:7      | Noticed Dowan
  6897 | D:7      | Reached XP level 9. HP: 71/75 MP: 12/12
  7165 | D:7      | Reached skill level 5 in Invocations
  7798 | D:7      | HP: 1/75 [hippogriff (5)]
  8139 | D:7      | Found a staircase to the Ecumenical Temple.
  8387 | D:7      | Killed Duvessa
  8390 | D:7      | Killed Dowan
  8688 | D:7      | Killed from afar by an electric eel

Skill      XL: |  1  2  3  4  5  6  7  8  9 |
---------------+----------------------------+-----
Stealth        | 1 2 3 4 |  4.6
Fighting       | 4 5 |  5.8
Throwing       | 1 |  1.2
Dodging        | 3 4 5 6 |  6.2
Axes           | 3 4 5 6 |  6.5
Invocations    | 3 4 5 |  5.6
Shields        | 1 2 3 4 |  4.0

Action                   |  1- 3 |  4- 6 |  7- 9 || total
-------------------------+-------+-------+-------++-------
Melee: Hand axe          |    75 |   206 |   400 ||   681
       Tailslap          |     5 |    16 |    48 ||    69
       Unarmed           |       |    17 |       ||    17
Throw: Tomahawk          |    27 |     8 |     1 ||    36
Invok: Depart the Abyss  |     1 |       |       ||     1
       Banish            |       |       |     7 ||     7
 Abil: Breathe Dispellin |       |       |    17 ||    17
Evoke: Wand              |       |       |     4 ||     4
  Use: Scroll            |     6 |     1 |     7 ||    14
       Potion            |       |     2 |     6 ||     8
 Stab: Sleeping          |     2 |       |     1 ||     3
  Eat: Chunk             |     1 |     8 |    17 ||    26
       Bread ration      |       |       |     1 ||     1
Armor: Skin              |    31 |    83 |   128 ||   242
Dodge: Dodged            |    54 |   127 |   180 ||   361
Block: Shield            |       |    64 |   205 ||   269
